 Dungeon Crawl Stone Soup version 0.30.1-3-gfc49f6343a (webtiles) character file.

Game seed: 8975421940036906481

715 DemonSlayer the Digger (level 7, -2/51 HPs)
             Began as a Demonspawn Earth Elementalist on July 20, 2023.
             Was an Initiate of Dithmenos.
             Shot with an arrow by a centaur (12 damage)
             ... on level 6 of the Dungeon.
             The game lasted 00:09:21 (5256 turns).

DemonSlayer the Digger (DsEE)                       Turns: 5256, Time: 00:09:22

Health: -2/51      AC:  6    Str:  9    XL:     7   Next: 41%
Magic:  14/14      EV: 12    Int: 16    God:    Dithmenos [......]
Gold:   116        SH:  6    Dex: 15    Spells: 5/15 levels left

rFire   + . .        q - +4 short sword (flame)
rCold   + . .        s - +2 buckler
rNeg    . . .        a - +0 robe
rPois   .            (helmet restricted)
rElec   .            f - scarf {rC+ rF+}
rCorr   .            (no gloves)
SInv    .            (no boots)
Will    .....        (no amulet)
Stlth   ++           r - ring of wizardry
HPRegen 0.28/turn    t - +4 ring of protection
MPRegen 0.14/turn

%: wizardry (x1)
@: no status effects
A: horns 2, weakness stinger 2
a: Renounce Religion


You were on level 6 of the Dungeon.
You worshipped Dithmenos.
Dithmenos was noncommittal.
You visited 2 branches of the dungeon, and saw 7 of its levels.

You collected 245 gold pieces.
You spent 129 gold pieces at shops.

Inventory:

Hand Weapons
 q - a +4 short sword of flaming (weapon)
 u - a +2 dagger of venom
Missiles
 j - a curare-tipped dart
Armour
 a - a +0 robe (worn)
 f - a scarf of resistance (worn)
 s - a +2 buckler (worn)
 v - the +7 plate armour "Heopp" {Int+3}
   (You found it on level 4 of the Dungeon)

   Int:       It affects your intelligence (+3).
Jewellery
 r - a ring of wizardry (left hand)
 t - a +4 ring of protection (right hand)
Scrolls
 c - 2 scrolls of amnesia
 d - 3 scrolls of identify
 h - a scroll of blinking {unknown}
 n - a scroll of teleportation
Potions
 b - 2 potions of brilliance
 e - a potion of resistance {unknown}
 g - a potion of ambrosia
 i - a potion of cancellation
 k - 3 potions of attraction
 m - 2 potions of might {unknown}
 o - a potion of berserk rage {unknown}
 p - a potion of invisibility {unknown}


   Skills:
 + Level 2.5 Fighting
 + Level 0.3 Short Blades
 + Level 2.6 Dodging
 + Level 2.6 Stealth
 + Level 0.4 Shields
 + Level 4.8 Spellcasting
 + Level 0.1 Conjurations
 + Level 0.8 Transmutations
 + Level 5.1 Earth Magic


You had 5 spell levels left.
You knew the following spells:

 Your Spells              Type           Power      Damage    Failure   Level
a - Sandblast             Erth           40%        2d10      1%          1
b - Stone Arrow           Conj/Erth      24%        3d8       10%         3
c - Summon Guardian Gole  Hex/Summ       3%         N/A       28%         3
d - Mephitic Cloud        Conj/Pois/Air  4%         N/A       26%         3

Your spell library contained the following spells:

 Spells                   Type           Power      Damage    Failure   Level
 Passwall                 Tmut/Erth      10%        N/A       4%          2
 Magic Dart               Conj           16%        1d3       10%         1
 Summon Small Mammal      Summ           12%        N/A       10%         1
 Wereblood                Tmut           6%         N/A       11%         2
 Call Imp                 Summ           6%         N/A       16%         2
 Sublimation of Blood     Necr           3%         N/A       16%         2
 Petrify                  Tmut/Erth      13%        N/A       26%         4
 Call Canine Familiar     Summ           3%         N/A       28%         3
 Anguish                  Hex/Necr       1%         N/A       65%         4
 Cause Fear               Hex            1%         N/A       65%         4
 Enfeeble                 Hex            1%         N/A       100%        7
 Summon Hydra             Summ           1%         N/A       100%        7


Dungeon Overview and Level Annotations

Branches:
Dungeon (6/15)             Temple (1/1) D:4

Altars:
Ashenzari
Cheibriados
Dithmenos
Fedhas
Gozag
Kikubaaqudgha
Makhleb
Nemelex Xobeh
Okawaru
Ru
Trog
Vehumet
Wu Jian
Xom
Yredelemnul

Shops:
D:1 *


Innate Abilities, Weirdness & Mutations

You have a pair of horns on your head.
You have a tail ending in a sharp stinger.


Message History

The hound bites you.
The blast of sand hits the hound.
The hound is almost dead.
The centaur shoots an arrow.
The arrow hits you! You block the hound's attack.
The centaur shoots an arrow.
You block the arrow. The hound closely misses you.
The centaur shoots an arrow.
The arrow hits you!
The blast of sand hits the hound.
The hound is almost dead.
The hound bites you.
The centaur shoots an arrow.
The arrow hits you.
A hound comes into view.
The hound stops to sniff the ground.
The hound barely misses you.
You are too injured to fight recklessly!
The centaur shoots an arrow.
The arrow hits you!
As you read the scroll of teleportation, it crumbles to dust.
You feel strangely unstable. You block the hound's attack. The hound bites you.
* * * LOW HITPOINT WARNING * * *
The centaur shoots an arrow.
You block the arrow. The hound bites you.
* * * LOW HITPOINT WARNING * * *
You hit the hound. You burn the hound.
You kill the hound!
Dithmenos accepts your kill.
You hit the hound. You burn the hound. Your headbutt misses the hound.
You tail-slap the hound.
The hound is heavily wounded.
Your surroundings suddenly seem different.
An ufetubus comes into view.
Found a leather armour.
Found a stone staircase leading up.
Found a stone staircase leading down.
You start resting.
A centaur is nearby!
A centaur is nearby!
A centaur is nearby!
The centaur shoots an arrow.
The arrow hits you.
* * * LOW HITPOINT WARNING * * *
There are monsters nearby!
The centaur shoots an arrow.
The arrow closely misses you.
The centaur shoots an arrow.
The arrow hits you!
You die...

#... .....>..#
##..###..#.c...
......#....###..
.#.##...#.#.....
................
##.####.........
##.........
##..........
#@.#......#.
#..##........
....##.........
.....# .........
...5.. .......
.....# .......
..... .....


You could see a centaur and an ufetubus (asleep).

Vanquished Creatures
  An ice beast (D:6)
  A kobold brigand (D:6)
  3 phantoms (D:5)
  A scorpion (D:3)
  3 hounds
  An iron imp (D:4)
  An iguana (D:5)
  4 adders
  3 worms
  4 dart slugs
  9 orcs
  8 ball pythons
  5 bats
  2 endoplasms
  5 goblins
  6 hobgoblins
  3 jackals (D:2)
  11 kobolds
  3 quokkas
  3 frilled lizards
  2 rats (D:2)
79 creatures vanquished.

Notes
Turn   | Place    | Note
-------+----------+-------------------------------------------
     0 | D:1      | DemonSlayer the Demonspawn Earth Elementalist began the
                  | quest for the Orb.
     0 | D:1      | Reached XP level 1. HP: 13/13 MP: 3/3
   102 | D:1      | Found Vaewku Enoi's Assorted Antiques.
   228 | D:1      | Discovered your monstrous ancestry.
   228 | D:1      | Gained mutation: You have a pair of small horns on your
                  | head. [demonic ancestry]
   228 | D:1      | Reached XP level 2. HP: 19/19 MP: 1/5
  1029 | D:2      | Reached skill level 3 in Earth Magic
  1128 | D:2      | Reached XP level 3. HP: 24/24 MP: 3/6
  1991 | D:2      | Learned a level 3 spell: Stone Arrow
  1995 | D:2      | Learned a level 3 spell: Summon Guardian Golem
  2096 | D:3      | Gained mutation: You have a pair of horns on your head.
                  | [demonic ancestry]
  2096 | D:3      | Reached XP level 4. HP: 16/30 MP: 4/8
  2219 | D:3      | Found a faded altar of an unknown god.
  2263 | D:3      | Noticed a scorpion
  2284 | D:3      | Killed a scorpion
  2833 | D:3      | Gained mutation: You have a small tail. [demonic ancestry]
  2833 | D:3      | Reached XP level 5. HP: 36/36 MP: 6/9
  2911 | D:3      | Found a bloodstained altar of Trog.
  2992 | D:3      | Learned a level 3 spell: Mephitic Cloud
  3261 | D:1      | Bought a scroll labelled ARU WYVVAYT for 27 gold pieces
  3261 | D:1      | Bought a pink potion for 24 gold pieces
  3261 | D:1      | Bought an inky potion for 24 gold pieces
  3261 | D:1      | Bought a scroll labelled YFUAPT TECIWN for 27 gold pieces
  3261 | D:1      | Bought a scroll labelled HOINLAORUU for 27 gold pieces
  3385 | D:4      | Found a staircase to the Ecumenical Temple.
  3423 | Temple   | Entered the Ecumenical Temple
  3483 | Temple   | Became a worshipper of Dithmenos the Shadowed
  3588 | D:4      | Reached skill level 1 in Fighting
  3589 | D:4      | Identified the +7 plate armour "Heopp" {Int+3}
  3865 | D:4      | Reached skill level 4 in Earth Magic
  4077 | D:4      | Found a snail-covered altar of Cheibriados.
  4563 | D:5      | Entered Level 5 of the Dungeon
  4573 | D:5      | Gained mutation: You have a tail ending in a sharp stinger.
                  | [demonic ancestry]
  4573 | D:5      | Reached XP level 6. HP: 36/44 MP: 8/11
  4830 | D:5      | Found an opulent altar of Gozag.
  5063 | D:5      | Reached XP level 7. HP: 51/51 MP: 10/13
  5136 | D:6      | Reached skill level 5 in Earth Magic
  5256 | D:6      | Shot with an arrow by a centaur

Illustrated notes

Levels and vault maps discovered:
D:1:      lightli_arrival_flooded_house, layout_basic, serial_shops,
          nicolae_shop_tiny_waterfront
D:2:      layout_basic, minmay_pentomino_x4
D:3:      wander_river, layout_rooms, lemuel_coloured_pillars_altar,
          basic_ecumenical_altar
D:4:      layout_basic, slow_altar_1, temple_statues, kennysheep_nondescript
D:5:      layout_basic, zin_academy, grunt_gozag_breadcrumbs, uniq_ijyb
D:6:      layout_rooms, uniq_maggie
Temple:   zaba_magenta_temple

Skill      XL: |  1  2  3  4  5  6  7 |
---------------+----------------------+-----
Dodging        | 2 |  2.6
Earth Magic    | 3 4 5 |  5.1
Stealth        | 2 |  2.6
Spellcasting   | 3 4 |  4.8
Fighting       | 2 |  2.5
Short Blades   | |  0.3
Shields        | |  0.4
Conjurations   | |  0.1
Transmutations | |  0.8

Action                     |  1- 3 |  4- 6 |  7- 9 || total
---------------------------+-------+-------+-------++-------
  Melee: Unarmed           |    16 |       |       ||    16
         Punch             |     3 |     1 |       ||     4
         Short sword       |    19 |    18 |    17 ||    54
         Headbutt          |     6 |     1 |     3 ||    10
         Tailslap          |       |       |     3 ||     3
   Cast: Sandblast         |    57 |    71 |    25 ||   153
         Stone Arrow       |       |     1 |       ||     1
    Use: Potion            |     1 |     5 |     2 ||     8
         Scroll            |       |    14 |     1 ||    15
   Stab: Sleeping          |     1 |     3 |     1 ||     5
 Armour: Robe              |     7 |    11 |    15 ||    33
  Dodge: Dodged            |    38 |    42 |    24 ||   104
  Block: Buckler           |       |    13 |    10 ||    23
